 Dungeon Crawl Stone Soup version 0.28-a0-1080-g05a166d0ed (webtiles) character file.

Game seed: 9313067296155415976

250978 lunkers the Slayer (level 20, -9/166 HPs)
             Began as a Djinni Cinder Acolyte on Dec 8, 2021.
             Was a High Priest of Ignis.
             Mangled by a war gargoyle (13 damage)
             ... on level 1 of the Vaults on Dec 9, 2021.
             The game lasted 01:55:09 (35877 turns).

lunkers the Slayer (Djinni Cinder Acolyte)         Turns: 35877, Time: 01:55:10

Health: -9/166     AC: 21    Str: 20    XL:     20   Next: 44%
Gold:   4244       EV: 11    Int: 38    God:    Ignis [*****.] SH:  7 Dex:  9

rFire   + + +      SeeInvis .   b - +6 hunting sling "Osuesh" {freeze, Will+ MP+9 Int+7}
rCold   . . .      Faith    .   w - +3 buckler "Cypsos Wuak" {Str+3 Int+6}
rNeg    . . .      Spirit   .   n - +4 robe "Xeaghoc" {rPois rC+ Str+4}
rPois   ∞          Reflect  .   j - +2 helmet
rElec   .          Harm     .   v - +2 cloak
rCorr   .          Rampage  .   x - +0 pair of gloves
Will    +++..                   (boots unavailable)
Stlth   +.........              S - amulet of regeneration
HPRegen 1.17/turn               g - +4 ring of protection
MPRegen 0.00/turn               J - +4 ring of protection

@: unable to drink, flying
A: sickness immunity, fire resistance 2, cold vulnerability 1, float, innate
caster, hp casting, extra vitality 1
}: 2/15 runes: serpentine, barnacled
a: Renounce Religion, Fiery Armour, Foxfire Swarm, Rising Flame


You were on level 1 of the Vaults.
You worshipped Ignis.
Ignis was extremely pleased with you.
You visited 6 branches of the dungeon, and saw 30 of its levels.
You visited 1 bazaar.
You also visited: Ice Cave and Volcano.

You collected 5087 gold pieces.
You spent 843 gold pieces at shops.

Inventory:

Hand Weapons
 a - the +10 hand crossbow of the Doomed Warrior {speed, rF+ Str+5 Int+4}
   (You found it on level 4 of the Dungeon)

   Attacks with this weapon are significantly faster.
   Str:       It affects your strength (+5).
   Int:       It affects your intelligence (+4).
   rF:        It protects you from fire.
 b - the +6 hunting sling "Osuesh" (weapon) {freeze, Will+ MP+9 Int+7}
   (You found it in an ice cave)

   Any ammunition fired from it freezes those it strikes, dealing additional
   cold damage.
   It can also slow down cold-blooded creatures.
   Int:       It affects your intelligence (+7).
   MP:        It affects your magic capacity (+9).
   Will:      It increases your willpower.
Missiles
 q - 550 bolts
 H - 7 throwing nets
Armour
 j - a +2 helmet (worn)
 n - the +4 robe "Xeaghoc" (worn) {rPois rC+ Str+4}
   (You found it in an ice cave)

   Str:       It affects your strength (+4).
   rC:        It protects you from cold.
   rPois:     It protects you from poison.
 v - a +2 cloak (worn)
 w - the +3 buckler "Cypsos Wuak" (worn) {Str+3 Int+6}
   (You acquired it on level 6 of the Dungeon)

   Str:       It affects your strength (+3).
   Int:       It affects your intelligence (+6).
 x - a +0 pair of gloves (worn)
 z - the +5 ring mail "Byutias" {Will+}
   (You found it on level 7 of the Dungeon)

   Will:      It increases your willpower.
Magical Staves
 h - a staff of death
Jewellery
 g - a +4 ring of protection (left hand)
 J - a +4 ring of protection (right hand)
 L - the ring "Ozoe" {rPois rC++ Dex+6}
   (You acquired it on level 1 of the Vaults)

   [ring of dexterity]

   Dex:       It affects your dexterity (+6).
   rC:        It greatly protects you from cold.
   rPois:     It protects you from poison.
 S - an amulet of regeneration (around neck)
 X - the ring "Koumoel" {rC+ Dex+5}
   (You found it in an ice cave)

   [ring of protection from cold]

   Dex:       It affects your dexterity (+5).
   rC:        It protects you from cold.
Wands
 u - a wand of polymorph (58)
 F - a wand of flame (29)
 G - a wand of iceblast (17)
 I - a wand of acid (10)
 O - a wand of digging (9)
 P - a wand of paralysis (15)
 U - a wand of charming (7)
 Z - a wand of mindburst (7)
Scrolls
 c - 3 scrolls of holy word
 p - 3 scrolls of enchant armour
 y - 4 scrolls of fear
 A - 9 scrolls of teleportation
 B - 7 scrolls of silence
 K - 6 scrolls of enchant weapon
 N - 3 scrolls of blinking
 T - 2 scrolls of magic mapping
 W - 5 scrolls of brand weapon
 Y - 11 scrolls of identify
Potions
 e - 2 potions of brilliance
 f - 8 potions of curing
 i - 10 potions of heal wounds
 l - 5 potions of mutation
 m - 6 potions of cancellation
 o - 5 potions of haste
 r - 10 potions of ambrosia
 s - 4 potions of attraction
 t - 7 potions of lignification
 C - 3 potions of resistance
 D - a potion of invisibility
 E - 3 potions of might
 V - a potion of berserk rage
Miscellaneous
 d - a tin of tremorstones (2/2)
 k - a lightning rod (4/4)
 M - a phial of floods
 R - a box of beasts


   Skills:
 + Level 21.4 Fighting
 - Level 2.6 Short Blades
 - Level 6.0 Crossbows
 - Level 4.0 Shields
 * Level 20.5 Spellcasting


You had 19 spell levels left.
You knew the following spells:

 Your Spells              Type           Power      Damage    Failure   Level
a - Fireball              Conj/Fire      57%        3d22      0%          5
b - Wereblood             Tmut           100%       N/A       0%          2
c - Confusing Touch       Hex            100%       N/A       0%          3
d - Inner Flame           Hex/Fire       100%       N/A       0%          3
e - Summon Cactus Giant   Summ           57%        N/A       1%          6
f - Ozocubu's Refrigerat  Ice            57%        4d16      1%          7
g - Haunt                 Necr/Summ      57%        N/A       1%          7
i - Shock                 Conj/Air       100%       1d9       0%          1
p - Scorch                Fire           100%       2d10      0%          2
u - Silence               Hex/Air        57%        N/A       0%          5
Your spell library was empty.

Dungeon Overview and Level Annotations

Branches:
Dungeon (13/15)            Temple (0/1) D:6            Lair (6/6) D:8
 Shoals (4/4) Lair:2        Snake (4/4) Lair:2        Slime (0/5) Lair:6
    Orc (2/2) D:9             Elf (0/3) Orc:2        Vaults (1/5) D:13
  IceCv (visited)         Volcano (visited)

Altars:
Dithmenos
Kikubaaqudgha
Beogh
Jiyva

Shops:
D:3 (   D:4 (   D:7 (   D:13 ?   Orc:2 [=**   Shoals:2 !   Snake:1 *=*
Snake:2 *::(:   Snake:3 ([*!

Annotations:
Lair:3 1 runed translucent door
Lair:6 2 transporters, Strat's ghost, journeyman NaVM
Shoals:1 Roxanne


Innate Abilities, Weirdness & Mutations

You are immune to sickness and miasma.
You are immune to poison.
Your flesh is very heat resistant. (rF++)
You are vulnerable to cold. (rC-)
You float through the air rather than walking.
You learn spells naturally, not from books.
Your magical power is your life essence.
You have superior vitality. (+4 HP)


Message History

There are monsters nearby!
Casting: Fireball (safe; 0% risk of failure)
Confirm with . or Enter, or press ? or * to list all spells.
Aiming: Haunt (mildly dangerous; 1% risk of failure)
Press: ? - help, Dir - move target, f/p - war gargoyle
Aim: a war gargoyle, wielding a +0 flail (severely damaged, catching its breath) Insubstantial figures form in the air.
* * * LOW HITPOINT WARNING * * *
The war gargoyle barely misses you.
The ironbound thunderhulk closely misses your phantasmal warrior.
Your phantasmal warrior gestures at the war gargoyle.
Your phantasmal warrior blinks!
There is an open door here.
The war gargoyle launches metal splinters at you.
The spray of metal splinters hits you.
* * * LOW HITPOINT WARNING * * *
Things that are here:
a +0 arbalest; a yaktaur corpse Your phantasmal warrior gestures at the war gargoyle.
Your phantasmal warrior blinks!
Something closely misses your wraith.
Your phantasmal warrior hits the war gargoyle.
The war gargoyle's willpower is stripped away!
The war gargoyle launches metal splinters at you.
The spray of metal splinters hits you!!
* * * LOW HITPOINT WARNING * * *
A yaktaur comes into view.
Your phantasmal warrior gestures at the war gargoyle.
Your phantasmal warrior blinks!
Okay, then.
The yaktaur shouts!
The yaktaur wields a +0 arbalest.
The yaktaur shoots a bolt.
The bolt hits you!
* * * LOW HITPOINT WARNING * * *
You cannot drink potions in your current state!
As you read the scroll of fear, it crumbles to dust.
You assume a fearsome visage.
The war gargoyle is unaffected.
The ironbound thunderhulk looks frightened!
The yaktaur looks frightened!
The war gargoyle hits you with a +0 flail!
You die...

...)[......# #.)..W#
#####O##########
#...........#
#.W§.....)..#######
#..#######..#...... #.W#
#).'...... #.9# #..#......
#.@# #..#...... #..#
#..#...=.. #..# #..#......
#..#######..#######
#...........# #...........#
#######c######### . #
#..............(#
.##.#...............#######


You could see an ironbound thunderhulk (fleeing), a war gargoyle (weak-willed,
ally target), a yaktaur (fleeing), a friendly phantasmal warrior (summoned), a
friendly freezing wraith (summoned) and a friendly wraith (summoned).

Vanquished Creatures
  Vashnia (Snake:2)
  Rupert (Lair:3)
  A kraken (Shoals:3)
  Kirke (Shoals:2)
  Gastronok (D:10)
  Ilsuiw (Shoals:3)
  5 nagarajas
  2 azure jellies (IceCv)
  A frost giant (Shoals:4)
  An orc warlord (Orc:2)
  3 ironbound preservers (Vaults:1)
  A stone giant (Volcano)
  4 quicksilver oozes (IceCv)
  2 merfolk javelineers
  Josephine (Lair:3)
  A great orb of eyes (Vaults:1)
  8 merfolk impalers
  17 naga warriors
  A yaktaur captain (Vaults:1)
  3 vault guards (D:13)
  2 salamander tyrants
  7 hydras
  5 anacondas
  A boulder beetle (D:11)
  A centaur warrior (D:12)
  2 ironbound frosthearts (Vaults:1)
  2 catoblepae (Lair:6)
  4 merfolk avatars
  3 satyrs
  3 two-headed ogres
  4 alligator snapping turtles (Shoals:4)
  10 death yaks
  2 merfolk aquamancers (Shoals:4)
  A tengu warrior (D:13)
  5 shock serpents
  3 orc high priests (Orc:2)
  17 naga sharpshooters
  Sonja (Lair:3)
  6 salamander mystics
  5 sea snakes
  3 skeletal warriors (D:11)
  15 deep trolls (Vaults:1)
  6 naga ritualists
  3 wizards
  6 lindwurms
  A necromancer (Vaults:1)
  27 harpies
  2 ironbound convokers (Vaults:1)
  Pikel (D:5)
  2 orc sorcerers (Orc:2)
  4 orc knights
  A deep elf pyromancer (D:12)
  3 oklob plants (D:9)
  6 mana vipers
  20 manticores
  4 ugly things
  9 salamanders
  21 fauns
  A human skeleton (Vaults:1)
  4 cyclopes
  11 elephants
  16 merfolk sirens
  5 vault sentinels (Vaults:1)
  3 guardian serpents
  33 black mambas
  An ice statue (Snake:2)
  4 water nymphs
  2 molten gargoyles (Volcano)
  2 torpor snails
  20 naga magi
  5 cane toads
  5 komodo dragons
  A yaktaur zombie (Vaults:1)
  5 yaktaurs
  A yaktaur (shapeshifter) (D:13)
  An efreet (Volcano)
  2 unseen horrors
  3 rime drakes
  A tengu conjurer (D:13)
  6 very ugly thing simulacra (IceCv)
  6 entropy weaver simulacra (IceCv)
  21 merfolk
  5 trolls
  3 meliai (Lair:5)
  A queen bee (Lair:5)
  Grinder (D:4)
  14 blink frogs
  3 polar bears
  13 dream sheep
  4 wind drakes
  21 slime creatures
  3 snapping turtles
  A shadow (D:9)
  A yak (shapeshifter) (Vaults:1)
  Sigmund (D:3)
  61 yaks
  Eustachio (D:6)
  2 vampires
  3 wyverns
  4 fire elementals (Volcano)
  6 hogs (Shoals:2)
  5 wraiths
  5 water elementals
  2 fire bats (Volcano)
  2 steam dragons
  18 humans (D:13)
  Menkaure (D:6)
  3 wargs (Orc:2)
  An acid dragon (D:13)
  41 nagas
  12 water moccasins
  3 demonic crawler simulacra (IceCv)
  A floating eye (D:9)
  30 orc warriors
  2 ice beasts (D:7)
  Duvessa (D:4)
  2 black bears
  3 necrophages
  2 ugly thing simulacra (IceCv)
  A sky beast (D:6)
  12 centaurs
  8 ogres
  7 wolves
  2 kobold brigands (D:8)
  A gnoll sergeant (D:6)
  16 bullfrogs
  6 scorpions
  Dowan (D:4)
  8 wights
  37 killer bees
  7 electric eels
  A bullfrog zombie (D:9)
  6 lava snakes (Volcano)
  4 centaur zombies
  2 bullfrog skeletons
  8 hounds
  11 orc priests
  Crazy Yiuf (D:4)
  An iguana (D:4)
  22 orc wizards
  A killer bee zombie (D:6)
  A hound skeleton (D:5)
  11 gnolls
  A howler monkey skeleton (D:4)
  4 adders
  A white imp (D:7)
  An ufetubus (D:5)
  3 worms
  2 dart slugs
  78 orcs
  3 ball pythons
  6 bats
  5 endoplasms
  3 giant cockroaches
  9 hobgoblins
  2 quokkas
  6 frilled lizards
  5 goblins
  21 kobolds
  7 rats
  2 tentacles (Shoals:3)
1049 creatures vanquished.

Vanquished Creatures (collateral kills)
  A rockslime (IceCv)
  A catoblepas (Lair:6)
  A two-headed ogre (D:11)
  3 death yaks (Lair:6)
  A naga sharpshooter (Snake:2)
  An orc high priest (Orc:2)
  An entropy weaver zombie (Vaults:1)
  A skeletal warrior (D:11)
  A naga ritualist (Snake:2)
  An orc knight (Orc:2)
  4 mana vipers
  3 orc sorcerers (Orc:2)
  A manticore (Lair:6)
  A cyclops (D:11)
  6 salamanders
  A human zombie (Vaults:1)
  A black mamba (Snake:1)
  A centaur zombie (D:11)
  A naga mage (Snake:1)
  An ice statue (D:12)
  2 gargoyles
  3 meliai (D:11)
  An ettin zombie (Vaults:1)
  A slime creature (IceCv)
  A wraith (D:12)
  6 yaks (Lair:6)
  A shadow (D:12)
  2 basilisks
  4 nagas (Snake:1)
  2 orc warriors (Orc:2)
  An electric eel (D:11)
  4 orc priests (Orc:2)
  3 orc wizards (Orc:2)
  2 human simulacra (D:11)
  6 orcs (Orc:2)
71 creatures vanquished.

Vanquished Creatures (others)
  27 fungi
  133 plants
  6 tentacles (Shoals:3)
166 creatures vanquished.

Grand Total: 1286 creatures vanquished

Notes
Turn   | Place    | Note
-------+----------+-------------------------------------------
     0 | D:1      | lunkers the Djinni Cinder Acolyte began the quest for the
                  | Orb.
     0 | D:1      | Reached XP level 1. HP: 20/20 MP: 0/0
    79 | D:1      | Reached XP level 2. HP: 19/25 MP: 0/0
   760 | D:1      | Reached XP level 3. HP: 21/30 MP: 0/0
   760 | D:1      | Learned a level 1 spell: Shock
  1781 | D:2      | Reached XP level 4. HP: 26/36 MP: 0/0
  2457 | D:2      | You are sucked into a shaft and drop 2 floors!
  2636 | D:4      | Reached XP level 5. HP: 31/41 MP: 0/0
  2636 | D:4      | Learned a level 2 spell: Wereblood
  2771 | D:4      | Found a runed translucent door.
  2772 | D:4      | Noticed Crazy Yiuf
  2820 | D:4      | Noticed a black bear
  2828 | D:4      | Killed a black bear
  2829 | D:4      | Reached skill level 4 in Fighting
  2829 | D:4      | Reached XP level 6. HP: 39/47 MP: 0/0
  3058 | D:3      | Found Seliotre's Antique Weapon Boutique.
  3488 | D:3      | Noticed Sigmund
  3493 | D:3      | Killed Sigmund
  3494 | D:3      | Reached skill level 5 in Spellcasting
  3494 | D:3      | Reached XP level 7. HP: 42/53 MP: 0/0
  3494 | D:3      | Learned a level 3 spell: Confusing Touch
  3726 | D:3      | Reached skill level 5 in Fighting
  4238 | D:4      | Noticed Dowan
  4239 | D:4      | Noticed Duvessa
  4257 | D:4      | HP: 2/54 [Duvessa (8)]
  4556 | D:4      | Noticed Grinder
  4563 | D:4      | Killed Grinder
  4573 | D:4      | Killed Duvessa
  4574 | D:4      | Reached XP level 8. HP: 3/61 MP: 0/0
  4578 | D:4      | Killed Dowan
  4880 | D:4      | Identified the +10 hand crossbow of the Doomed Warrior
                  | {speed, rF+ Str+5 Int+4}
  4997 | D:4      | Reached skill level 6 in Fighting
  5098 | D:4      | Found Xixo's Weapon Emporium.
  5432 | D:4      | Killed Crazy Yiuf
  5508 | D:5      | Entered Level 5 of the Dungeon
  5796 | D:5      | Noticed Pikel
  5860 | D:5      | Killed Pikel
  5861 | D:5      | Reached skill level 7 in Fighting
  5861 | D:5      | Reached XP level 9. HP: 64/68 MP: 0/0
  5861 | D:5      | Learned a level 3 spell: Inner Flame
  6284 | D:6      | Reached skill level 1 in Shields
  6687 | D:6      | Found a staircase to the Ecumenical Temple.
  6703 | D:6      | Noticed Eustachio
  6706 | D:6      | Killed Eustachio
  6860 | D:6      | Noticed Menkaure
  6865 | D:6      | Killed Menkaure
  6866 | D:6      | Reached XP level 10. HP: 36/76 MP: 0/0
  6875 | D:6      | Identified a scroll of acquirement
  6875 | D:6      | Acquired the +3 buckler "Cypsos Wuak" {Str+3 Int+6}
  7077 | D:6      | Reached skill level 8 in Fighting
  8066 | D:7      | Found Jisixaz's Antique Weapon Emporium.
  8760 | D:8      | Reached skill level 9 in Fighting
  9200 | D:8      | Found a staircase to the Lair.
  9311 | D:8      | Reached XP level 11. HP: 34/84 MP: 0/0
  9311 | D:8      | Learned a level 5 spell: Silence
  9753 | D:7      | Identified the +5 ring mail "Byutias" {Will+}
  9840 | D:9      | Reached skill level 10 in Spellcasting
  9884 | D:9      | Reached skill level 1 in Crossbows
 10250 | D:9      | Noticed an oklob plant
 10252 | D:9      | Noticed an oklob plant
 10253 | D:9      | Paralysed by a floating eye for 4 turns
 10259 | D:9      | Noticed an oklob plant
 10275 | D:9      | Killed an oklob plant
 10286 | D:9      | Killed an oklob plant
 10295 | D:9      | Killed an oklob plant
 10296 | D:9      | Reached skill level 10 in Fighting
 10653 | D:9      | Found a staircase to the Orcish Mines.
 10967 | D:9      | Noticed a two-headed ogre
 10975 | D:9      | Killed a two-headed ogre
 11042 | D:10     | Entered Level 10 of the Dungeon
 11157 | D:10     | Noticed Gastronok
 11173 | D:10     | Killed Gastronok
 11174 | D:10     | Reached skill level 11 in Fighting
 11198 | D:10     | Reached skill level 5 in Crossbows
 11210 | D:10     | Reached XP level 12. HP: 92/94 MP: 0/0
 12048 | Lair:1   | Entered Level 1 of the Lair of Beasts
 12148 | Lair:1   | Reached skill level 12 in Fighting
 13003 | Lair:2   | Reached skill level 13 in Fighting
 13025 | Lair:2   | Found a staircase to the Snake Pit.
 13178 | Lair:2   | Reached skill level 14 in Fighting
 13194 | Lair:2   | Reached XP level 13. HP: 27/105 MP: 0/0
 13194 | Lair:2   | Learned a level 5 spell: Fireball
 13607 | Lair:2   | Found a staircase to the Shoals.
 14997 | Lair:3   | Found a runed translucent door.
 15000 | Lair:3   | Noticed a six-headed hydra
 15013 | Lair:3   | Noticed Sonja
 15017 | Lair:3   | Killed Sonja
 15059 | Lair:3   | Noticed Rupert
 15064 | Lair:3   | Killed Rupert
 15294 | Lair:3   | Found a dark tunnel.
 15302 | Volcano  | Entered a volcano
 15440 | Volcano  | Found a burning altar of Makhleb.
 15459 | Volcano  | Reached skill level 15 in Fighting
 15479 | Volcano  | Noticed a stone giant
 15489 | Volcano  | Killed a stone giant
 15612 | Volcano  | Acquired 335 gold pieces
 16251 | Lair:4   | Noticed a four-headed hydra
 16254 | Lair:4   | Killed a four-headed hydra
 16258 | Lair:4   | Noticed Josephine
 16482 | Lair:3   | Killed Josephine
 16622 | Lair:4   | Reached XP level 14. HP: 107/114 MP: 0/0
 17649 | Lair:5   | Reached skill level 16 in Fighting
 18232 | Lair:6   | Entered Level 6 of the Lair of Beasts
 18583 | Lair:6   | Found a viscous altar of Jiyva.
 18583 | Lair:6   | Found a staircase to the Slime Pits.
 18705 | Lair:6   | Found a transporter.
 18705 | Lair:6   | Found a transporter.
 18711 | Lair:6   | Noticed Strat's ghost (journeyman NaVM)
 18923 | Lair:6   | Reached XP level 15. HP: 105/122 MP: 0/0
 18923 | Lair:6   | Learned a level 6 spell: Summon Cactus Giant
 19293 | Lair:6   | Identified the amulet of Hotsusomm {RegenMP Dex+5}
 19731 | Orc:1    | Entered Level 1 of the Orcish Mines
 20182 | Orc:2    | Entered Level 2 of the Orcish Mines
 20245 | Orc:2    | Found a runed translucent door.
 20451 | Orc:2    | Found a staircase to the Elven Halls.
 20573 | Orc:2    | Noticed an orc warlord
 20586 | Orc:2    | Killed an orc warlord
 20587 | Orc:2    | Reached skill level 17 in Fighting
 21164 | Orc:2    | Found Kydwezx Mime's General Store.
 21164 | Orc:2    | Found Cuetoob's Assorted Antiques.
 21165 | Orc:2    | Found Poecueg's Jewellery Shoppe.
 21165 | Orc:2    | Found Pawaz's Antique Armour Shoppe.
 21184 | Orc:2    | Bought a scroll labelled ITRAME SIENGO for 24 gold pieces
 21592 | Snake:1  | Entered Level 1 of the Snake Pit
 21592 | Snake:1  | Found Rigethrepp's General Store.
 21785 | Snake:1  | Reached skill level 15 in Spellcasting
 21929 | Snake:1  | Reached XP level 16. HP: 43/130 MP: 0/0
 22426 | Snake:1  | Found Raguogij's Jewellery Shoppe.
 22457 | Snake:1  | Acquired 832 gold pieces
 22504 | Snake:1  | Found Sinlaph's General Store.
 23030 | Snake:2  | Found a flickering gateway to a bazaar.
 23040 | Bazaar   | Entered a bazaar
 23044 | Bazaar   | Found Etabon's Magic Scroll Boutique.
 23054 | Bazaar   | Bought a scroll of blinking for 127 gold pieces
 23069 | Bazaar   | Found Giel Gupaabb's Antique Armour Shoppe.
 23087 | Bazaar   | Found Qoggeaf's Book Boutique.
 23107 | Bazaar   | Found Taiqorach's Antique Weapon Emporium.
 23160 | Snake:2  | Found a frozen archway.
 23180 | IceCv    | Entered an ice cave
 23330 | IceCv    | Reached skill level 18 in Fighting
 23334 | IceCv    | Noticed an azure jelly
 23337 | IceCv    | Killed an azure jelly
 23397 | IceCv    | Noticed an azure jelly
 23402 | IceCv    | Killed an azure jelly
 23414 | IceCv    | Noticed a rockslime
 23424 | IceCv    | Killed a rockslime
 23449 | IceCv    | Found a viscous altar of Jiyva.
 23467 | IceCv    | Got the ring "Koumoel" {rC+ Dex+5}
 23480 | IceCv    | Identified the +1 robe "Esue" {-Tele Contam rPois rC+++}
 23486 | IceCv    | Identified the +4 robe "Xeaghoc" {rPois rC+ Str+4}
 23489 | IceCv    | Got the +6 hunting sling "Osuesh" {freeze, Will+ MP+9
                  | Int+7}
 23873 | IceCv    | Noticed an azure jelly
 23989 | Snake:2  | Found Amuer's Book Boutique.
 23992 | Snake:2  | Found Gaetekk's Book Shop.
 23992 | Snake:2  | Found Doerotou's Book Boutique.
 23998 | Snake:2  | Found Novug's Antique Weapon Shop.
 24154 | Snake:2  | Noticed Vashnia
 24377 | Shoals:1 | Entered Level 1 of the Shoals
 24616 | Shoals:1 | Reached XP level 17. HP: 76/139 MP: 0/0
 24616 | Shoals:1 | Learned a level 7 spell: Ozocubu's Refrigeration
 24748 | Shoals:1 | Identified Roxanne's Handbook of Shape Shifting
 24748 | Shoals:1 | Noticed Roxanne
 25093 | Shoals:1 | You are sucked into a shaft and drop 1 floor!
 25378 | Shoals:1 | Found a shadowy altar of Dithmenos.
 25774 | Shoals:2 | Noticed Kirke
 25779 | Shoals:2 | Killed Kirke
 26196 | Shoals:2 | Identified the +1 robe of Happy Babbling {rElec rPois}
 26285 | Shoals:2 | Found Veuwias's Distillery.
 26293 | Shoals:2 | Bought a potion of curing for 42 gold pieces
 26293 | Shoals:2 | Bought a potion of heal wounds for 70 gold pieces
 26293 | Shoals:2 | Bought a potion of haste for 140 gold pieces
 26293 | Shoals:2 | Bought a potion of heal wounds for 70 gold pieces
 26414 | Shoals:3 | Reached skill level 19 in Fighting
 26773 | Shoals:3 | Noticed Ilsuiw
 26779 | Shoals:3 | Killed Ilsuiw
 27150 | Shoals:3 | Noticed a kraken
 27159 | Shoals:3 | Killed a kraken
 27461 | Shoals:4 | Entered Level 4 of the Shoals
 27682 | Shoals:4 | Reached XP level 18. HP: 98/148 MP: 0/0
 28145 | Shoals:4 | Got a barnacled rune of Zot
 28193 | Shoals:4 | Upgraded the game from 0.28-a0-1038-g9c4cb8273d to
                  | 0.28-a0-1080-g05a166d0ed
 28974 | Snake:2  | Killed Vashnia
 29165 | Snake:2  | Found Butituh's Overcharged Wands.
 29731 | Snake:3  | Found Heclit's Antique Weapon Emporium.
 29746 | Snake:3  | Identified the +0 helmet of Omission {Rampage rElec rN+
                  | Int+2}
 29799 | Snake:3  | Reached skill level 20 in Fighting
 29843 | Snake:3  | Found Purud's Armour Emporium.
 29845 | Snake:3  | Found Woijoec's General Store.
 29847 | Snake:3  | Found Opegh's Distillery.
 29864 | Snake:3  | Bought a +2 helmet for 181 gold pieces
 31116 | Snake:4  | Entered Level 4 of the Snake Pit
 31266 | Snake:4  | Reached XP level 19. HP: 144/156 MP: 0/0
 31266 | Snake:4  | Learned a level 7 spell: Haunt
 31600 | Snake:4  | Got a serpentine rune of Zot
 33853 | D:12     | Identified the +9 short sword "Maupiwa" {flame, Drain Dex+6
                  | Stlth+}
 34450 | D:13     | Reached skill level 21 in Fighting
 34519 | D:13     | Found a gate to the Vaults.
 34585 | D:13     | Found Pubog's Magic Scroll Shop.
 34594 | D:13     | Bought a scroll of teleportation for 42 gold pieces
 34594 | D:13     | Bought a scroll of teleportation for 42 gold pieces
 34594 | D:13     | Bought a scroll of blinking for 105 gold pieces
 34928 | Vaults:1 | Entered Level 1 of the Vaults
 34942 | Vaults:1 | Reached XP level 20. HP: 153/166 MP: 0/0
 35211 | Vaults:1 | Identified the +5 broad axe "Xochuow" {venom, MP+9 Dex+4}
 35818 | Vaults:1 | Acquired the ring "Ozoe" {rPois rC++ Dex+6}
 35820 | Vaults:1 | Acquired 761 gold pieces
 35876 | Vaults:1 | HP: 3/166 [yaktaur/bolt[a yaktaur captain] (15)]
 35877 | Vaults:1 | Mangled by a war gargoyle

Illustrated notes

Levels and vault maps discovered:
D:1:      wander_arrival_desolate, layout_basic
D:2:      layout_rooms, kennysheep_generic_room_6
D:3:      layout_basic, serial_shops, nicolae_shop_hallway_stairs,
          chequers_serial_rivers_room_a, uniq_sigmund
D:4:      layout_loops_cross, serial_shops, nicolae_shop_bloodbath_and_beyond,
          uniq_crazy_yiuf_cottage, uniq_duvessa, uniq_grinder
D:5:      layout_basic, kennysheep_generic_room_5, uniq_pikel
D:6:      minmay_skewed_foursquare, layout_gridville, minmay_temple_entry_glass,
          uniq_eustachio, uniq_menkaure
D:7:      layout_gridville, serial_shops, nicolae_shop_hallway_plus,
          minmay_misc_feat_nine_boxes, bh_walls_and_bars
D:8:      layout_rooms, kennysheep_mini, lair_entry_dummy
D:9:      layout_basic, erik_orc_2, minmay_misc_feat_chi,
          amcnicky_mini_pool_small, disabler_island
D:10:     layout_loops_ring, uniq_gastronok
D:11:     layout_basic, bh_circular_ruins
D:12:     statuecave_lemuel, layout_basic
D:13:     layout_rooms, grunt_vaults_entry_tiered, serial_shops, shop_scrolls
Lair:1:   layout_roguey, st_stairs_12, lemuel_fruit_fields
Lair:2:   layout_cave_pods, elwin_shoals_entry_rocks,
          minmay_snake_entry_six_corridors
Lair:3:   layout_cave_pods, nicolae_volcano_entry_hallway, pf_torpor_hydra,
          uniq_sonja, uniq_rupert
Lair:4:   layout_small_grid, nicolae_lair_lindhole, infiniplex_staircase_pool,
          uniq_josephine
Lair:5:   layout_concentric_octagons, special_room [special_room_bee],
          chequers_serial_rivers_micro_a, serial_bayou_shore_a,
          grunt_megastairs_4, serial_bayou_shore_b
Lair:6:   evilmike_catoblepas_cave, layout_concentric_octagons, slime_altar_1,
          gammafunk_ghost_hive, minmay_stone_trees_medium,
          infiniplex_staircase_pool_2
Shoals:1: layout_shoals, lemuel_centaur_altar, uniq_roxanne
Shoals:2: layout_shoals, serial_shops, nicolae_lakefront_shop, uniq_kirke
Shoals:3: layout_shoals, uniq_ilsuiw
Shoals:4: shoals_end_grunt_ice, layout_shoals
Snake:1:  layout_gridlike, serial_shops, shop, shop_statue, shop,
          grunt_megastairs_2
Snake:2:  layout_gridlike, portal_ice_cave_entry_ice_statue_one, serial_shops,
          bzr_entry_dummy, special_room, nicolae_shop_overcharged_wands,
          minmay_shoptagon, uniq_vashnia
Snake:3:  layout_layer_cave, serial_shops, shop, drop_trap, grunt_megastairs_5,
          minmay_shop_star
Snake:4:  snake_pit, layout_layer_cave, lemuel_fruit_tree
Orc:1:    layout_diamond_mine
Orc:2:    st_orc_elflike, layout_caves, lightli_church_of_beogh
Vaults:1: v_misc_3, gammafunk_the_bubble [the_bubble_gammafunk_roulette],
          grunt_vaults_focal, nicolae_vaults_asterisk, nicolae_vaults_asterisk,
          vaults_mumra_chevron, ontoclasm_vaults_misaligned, v_misc_27,
          hangedman_vaults_trim, v_misc_22, vaults_room_door_ring, v_misc_5,
          nicolae_vaults_little_squares_4, vaults_room_fours,
          layout_vaults_omnicross, serial_shops, shop,
          nicolae_shop_window_shopping

Skill      XL: |  1  2  3  4  5  6  7  8  9 10 11 12 13 14 15 16 17 18 19 |
---------------+----------------------------------------------------------+-----
Spellcasting   | 3 4 5 7 8 9 10 12 13 15 16 17 18 20 | 20.5
Fighting       | 4 5 7 9 11 14 15 16 17 18 19 20 21 | 21.4
Shields        | 2 4 |  4.0
Crossbows      | 5 6 |  6.0
Short Blades   | |  2.6

Action                   |  1- 3 |  4- 6 |  7- 9 | 10-12 | 13-15 | 16-18 | 19-21 || total
-------------------------+-------+-------+-------+-------+-------+-------+-------++-------
Melee: Short sword       |    15 |       |       |       |       |       |       ||    15
       Staff             |       |       |       |       |    99 |    13 |       ||   112
 Fire: Hand crossbow     |       |       |    36 |   469 |   107 |       |       ||   612
 Cast: Scorch            |    35 |    65 |    93 |   116 |    57 |    38 |       ||   404
       Shock             |     9 |    23 |    15 |     3 |       |       |       ||    50
       Fireball          |       |       |       |       |   305 |   249 |    20 ||   574
       Summon Cactus Gia |       |       |       |       |    20 |    17 |       ||    37
       Ozocubu's Refrige |       |       |       |       |       |   184 |   194 ||   378
       Haunt             |       |       |       |       |       |       |    24 ||    24
Evoke: Wand              |       |       |     5 |       |     4 |       |       ||     9
  Use: Scroll            |       |       |     3 |    15 |    13 |     5 |     3 ||    39
       Potion            |       |       |     1 |       |       |       |       ||     1
 Stab: Distracted        |       |       |       |       |       |     1 |       ||     1
Armor: Robe              |     9 |     4 |    23 |    26 |       |    55 |    50 ||   167
       Ring mail         |       |       |       |   103 |   207 |    28 |       ||   338
Dodge: Dodged            |    22 |    17 |    39 |    97 |   120 |    89 |    30 ||   414
Block: Buckler           |       |       |     2 |    76 |   131 |    68 |    29 ||   306

Table legend: (Time is in decaauts)
 A = Elapsed time spent in this place.
 B = Non-inter-level travel time spent in this place.
 C = Inter-level travel time spent in this place.
 D = Time resting spent in this place.
 E = Time spent auto-exploring this place.
 F = Levels seen in this place.
 G = Mean time per level.
                   A        B        C        D        E       F      G
               +--------+--------+--------+--------+--------+-----+--------+
         Total |  35860 |  34361 |   1499 |   1557 |  25732 |  33 | 1086.7 |
       Dungeon |  14592 |  13885 |    707 |    290 |  11497 |  13 | 1122.5 |
          Lair |   7472 |   7149 |    323 |    357 |   5562 |   6 | 1245.3 |
        Shoals |   4552 |   4371 |    181 |    261 |   3046 |   4 | 1138.0 |
     Snake Pit |   5356 |   5101 |    255 |    546 |   3413 |   4 | 1339.0 |
  Orcish Mines |   1743 |   1712 |     31 |      0 |   1187 |   2 |  871.5 |
        Vaults |    948 |    948 |      0 |      0 |    692 |   1 |  948.0 |
        Bazaar |     99 |     99 |      0 |      0 |      0 |   1 |   99.0 |
      Ice Cave |    783 |    783 |      0 |     76 |    305 |   1 |  783.0 |
       Volcano |    311 |    311 |      0 |     27 |     30 |   1 |  311.0 |
               +--------+--------+--------+--------+--------+-----+--------+

Top non-repeatable levels by time:
  Lair:2: 2069 daAuts
 Snake:3: 1768 daAuts
     D:4: 1577 daAuts
     D:1: 1472 daAuts
 Snake:1: 1466 daAuts
     D:9: 1433 daAuts
Shoals:4: 1330 daAuts
   Orc:2: 1322 daAuts
     D:6: 1318 daAuts
  Lair:3: 1282 daAuts
  Lair:6: 1234 daAuts
     D:3: 1228 daAuts
     D:2: 1222 daAuts
     D:7: 1217 daAuts
Shoals:3: 1154 daAuts
